 Dungeon Crawl Stone Soup version 0.23.2-1-ga50397a (webtiles) character file.

Game seed: 16893164618429014935

288 schauveau the Slasher (level 6, -1/42 HPs)
             Began as an Octopode Gladiator on May 2, 2019.
             Slain by an orc priest
             ... wielding a +0 short sword
              (6 damage)
             ... on level 4 of the Dungeon.
             The game lasted 00:05:13 (3029 turns).

schauveau the Slasher (Octopode Gladiator)          Turns: 3029, Time: 00:05:14

Health: -1/42      AC:  2    Str: 14    XL:     6   Next: 31%
Magic:  6/6        EV: 15    Int: 10    God:
Gold:   122        SH:  0    Dex: 15    Spells: 5/5 levels left

rFire    . . .     SeeInvis .   a - +1 long sword
rCold    . . .     Gourm    .   (no shield)
rNeg     . . .     Faith    .   b - +1 hat
rPois    .         Spirit   .   (no amulet)
rElec    .         Reflect  .   (no ring)
rCorr    .         Harm     .   (no ring)
MR       .....                  (no ring)
Stlth    +++.......             (no ring)
HPRegen  0.14/turn              (no ring)
MPRegen  0.10/turn              (no ring)
                                (no ring)
                                (no ring)

@: no status effects
A: almost no armour, stealthy swim, amphibious, 8 rings, constrict 8, camouflage
1, gelatinous body 1
a: no special abilities


You were on level 4 of the Dungeon.
You were not hungry.

You visited 1 branch of the dungeon, and saw 4 of its levels.

You collected 122 gold pieces.

Inventory:

Hand Weapons
 a - a +1 long sword (weapon)
 h - a +2 short sword of flaming
 l - a +2 short sword of freezing
Missiles
 c - 3 throwing nets (quivered)
 e - 12 arrows
Armour
 b - a +1 hat (worn)
Jewellery
 k - an uncursed ring of teleportation
Scrolls
 f - a scroll of teleportation
 m - a scroll of amnesia
 o - 2 scrolls of enchant armour
Potions
 g - a potion of cancellation
 i - 2 potions of heal wounds
 j - a potion of degeneration {unknown}
 n - 2 potions of magic {unknown}
 q - a potion of resistance {unknown}
 r - a potion of ambrosia {unknown}
 t - a potion of lignification {unknown}
Comestibles
 d - 3 rations


   Skills:
 + Level 3.2 Fighting
 * Level 4.7 Long Blades
 + Level 3.1 Throwing
 + Level 3.9 Dodging
 + Level 2.4 Stealth


You had 5 spell levels left.
You didn't know any spells.
Your spell library was empty.

Dungeon Overview and Level Annotations

Branches:
Dungeon (4/15)
 Temple: D:4-7

Altars:
Gozag
Hepliaklqana
Nemelex Xobeh


Innate Abilities, Weirdness & Mutations

You cannot wear most types of armour.
You are very stealthy in the water. (Stealth+)
You are amphibious.
You can wear up to eight rings at the same time.
You can use your tentacles to constrict eight enemies at once.
Your skin changes colour to match your surroundings (Stealth+).
Your rubbery body absorbs attacks. (AC +1, EV +1)


Message History

You constrict the orc priest. The orc priest misses you.
The orc completely misses you.
You riposte.
You closely miss the orc. You grab the orc.
The orc priest calls down the wrath of Beogh upon you.
Pain shoots through your body!
You hit the orc priest.
You squeeze the orc priest, but do no damage.
The orc priest is lightly wounded.
You constrict the orc. You constrict the orc priest. The orc barely misses you.
You riposte.
You hit the orc.
You kill the orc!
The orc priest mumbles some strange prayers to Beogh against you.
Beogh smites you!
* * * LOW HITPOINT WARNING * * *
You hit the orc priest.
You squeeze the orc priest, but do no damage.
The orc priest is heavily wounded.
You constrict the orc priest.
The orc priest hits you with a +0 short sword.
You die...

........#.....
##.......#..... ..
............... ...
............
...#####.........
#.....#!......# .#
###.....#....o).##... ..
#...##..#....@.....##
#.##....#..#....)......#
......_........)<##+##..
#..#....##(...(.#
#..##...##...##.#
#.....####..##..#
#.....####((#...#
#####.........#..
##......##...#.#


You could see an orc priest.

Vanquished Creatures
  A hound (D:3)
  A centaur skeleton (D:3)
  2 orc priests (D:3)
  4 gnolls (D:2)
  6 adders
  2 oozes
  4 dart slugs
  2 leopard geckos
  7 orcs
  3 giant cockroaches
  6 goblins
  A hobgoblin (D:1)
  4 kobolds
  A ball python (D:1)
  8 bats
  3 frilled lizards
  A leopard gecko skeleton (D:4)
  10 rats
66 creatures vanquished.

Notes
Turn   | Place    | Note
-------+----------+-------------------------------------------
     0 | D:1      | schauveau the Octopode Gladiator began the quest for the
                  | Orb.
     0 | D:1      | Reached XP level 1. HP: 14/14 MP: 1/1
    47 | D:1      | Found a sparkling altar of Nemelex Xobeh.
   129 | D:1      | Reached XP level 2. HP: 16/19 MP: 2/2
   698 | D:2      | Reached XP level 3. HP: 21/25 MP: 3/3
  1012 | D:2      | Reached XP level 4. HP: 30/30 MP: 4/4
  1485 | D:2      | Reached skill level 4 in Long Blades
  1862 | D:3      | Reached skill level 1 in Stealth
  1944 | D:3      | Found an opulent altar of Gozag.
  1977 | D:3      | Reached XP level 5. HP: 33/36 MP: 5/5
  2519 | D:3      | Reached XP level 6. HP: 7/42 MP: 6/6
  2975 | D:4      | Found a hazy altar of Hepliaklqana.
  3029 | D:4      | Slain by an orc priest

Skill      XL: |  1  2  3  4  5 |
---------------+----------------+-----
Long Blades    | 4 |  4.7
Stealth        | 1 2 |  2.4
Fighting       | 3 |  3.2
Throwing       | 3 |  3.1
Dodging        | |  3.9

Action                   |  1- 3 |  4- 6 || total
-------------------------+-------+-------++-------
Melee: Long sword        |    39 |    67 ||   106
       Constrict         |    12 |    33 ||    45
       Tentacles         |     8 |    24 ||    32
  Use: Scroll            |     5 |     3 ||     8
       Potion            |       |     1 ||     1
 Stab: Sleeping          |     9 |     8 ||    17
  Eat: Chunk             |       |     2 ||     2
       Ration            |       |     2 ||     2
Armor: Skin              |     3 |    10 ||    13
Dodge: Dodged            |    31 |    62 ||    93
       Rpst.: Long sword |    12 |    21 ||    33
